Map: Acropolis LE

Players

PatrAN

  • Race: Zerg Zerg
  • League: Master
  • Spawn Location: 5:00

Mez - Winner!

  • Race: Terran Terran
  • League: Master
  • Spawn Location: 11:00

VOD

Have the link to the VOD?

Description

Time

  • Played on: Aug. 7, 2019, 2:21 p.m.
  • Length: 12:53
Show
View Real Time Build Order
Export as new Build Order

PatrAN Zerg 

Build Orders: Hatch First 

Get SALT Encoding   

  12  0:01  Drone  
  13  0:12  Overlord  
  13  0:19  Drone  
  14  0:31  Drone x2  
  16  0:48  Hatchery  
  15  0:50  Drone  
  15  0:54  Drone  
  17  0:57  Drone  
  18  1:08  Extractor  
  17  1:13  Spawning Pool  
  17  1:16  Drone  
  17  1:19  Drone  
  18  1:27  Drone  
  19  1:42  Overlord  
  19  1:49  Drone  
  20  2:00  Queen x2  
  20  2:01  Zergling x4  
  26  2:22  Drone, Metabolic Boost  
  27  2:34  Drone x3  
  29  2:42  Zergling x2, Hatchery  
  29  2:43  Zergling x2  
  30  2:46  Overlord  
  30  2:50  Overlord  
  30  3:05  Queen  
  30  3:06  Drone x3  
  35  3:19  Drone x3  
  38  3:20  Overlord  
  38  3:21  Drone  
  39  3:27  Drone  
  39  3:29  Overlord  
  40  3:41  Zergling x8  
  40  3:46  Drone  
  40  3:48  Queen  
  45  3:52  Drone  
  45  3:53  Queen  
  45  3:54  Drone  
  45  3:55  Drone  
  49  4:02  Zergling x2  
  50  4:05  Drone x2  
  52  4:11  Drone  
  52  4:15  Drone  
  52  4:17  Drone  
  55  4:19  Drone x4  
  55  4:21  Drone  
  55  4:23  Queen  
  62  4:29  Queen  
  64  4:33  Overlord x2  
  64  4:35  Lair  
  64  4:40  Drone x2, Extractor  
  64  4:41  Drone, Extractor  
  64  4:42  Overlord  
  65  4:50  Evolution Chamber x2  
  63  4:59  Zergling x10  
  69  5:00  Zergling x6  
  69  5:03  Drone  
  69  5:04  Drone x4  
  78  5:13  Drone x3  
  78  5:14  Drone x2  
  81  5:16  Zerg Melee Weapons Level 1  
  81  5:20  Overlord  
  81  5:22  Baneling Nest  
  78  5:33  Overseer  
  76  5:42  Drone x2  
  75  5:43  Drone x4  
  78  5:54  Drone x3  
  78  6:03  Drone x3  
  78  6:04  Drone x4  
  84  6:06  Zerg Ground Armor Level 1, Extractor  
  84  6:09  Centrifical Hooks  
  82  6:24  Drone x2  
  82  6:25  Drone x3, Hydralisk Den  
  86  6:26  Extractor  
  86  6:27  Drone x2  
  86  6:32  Drone x4  
  91  6:35  Extractor  
  89  6:42  Hatchery  
  89  6:45  Drone x2  
  89  6:53  Infestation Pit  
  87  6:54  Drone x4  
  87  6:55  Drone  
  87  6:58  Drone x2  
  87  6:59  Overlord x2  
  94  7:10  Hydralisk  
  94  7:14  Overlord x3  
  96  7:21  Muscular Augments  
  96  7:22  Hydralisk  
  96  7:23  Hydralisk x5  
  108  7:34  Zergling x2  
  108  7:35  Zergling x14  
  116  7:43  Zergling x8  
  118  7:47  Hydralisk x2  
  122  7:51  Zerg Missile Weapons Level 1  
  122  7:56  Zergling x4  
  122  7:57  Zergling x8  
  126  8:03  Overseer  
  120  8:09  Queen  
  120  8:10  Drone x7  
  120  8:11  Drone  
  124  8:22  Hydralisk x2  
  124  8:23  Drone, Hydralisk x4  
  134  8:27  Drone x2  
  134  8:29  Drone  
  134  8:32  Overlord x4, Grooved Spines  
  135  8:36  Queen  
  135  8:41  Baneling x6  
  131  8:42  Baneling x6  
  131  8:43  Baneling  
  121  8:57  Zergling x24  
  129  9:06  Zergling x6  
  119  9:19  Hydralisk x3  
  119  9:20  Hydralisk x5  
  131  9:24  Drone  
  131  9:25  Drone  
  131  9:27  Queen, Extractor  
  131  9:28  Zergling x2  
  132  9:42  Hydralisk x4  
  132  9:43  Hydralisk x2  
  132  9:44  Baneling x3  
  132  9:45  Baneling x8  
  141  9:46  Baneling x2  
  141  9:49  Drone x2  
  141  9:50  Drone  
  139  9:54  Zergling x10  
  139  9:55  Zergling x2  
  139  9:58  Zergling x2  
  139  9:59  Zergling x6  
  144  10:05  Zergling x4  
  143  10:13  Zergling x8  
  131  10:32  Zergling x2  
  131  10:33  Zergling x20  
  138  10:36  Hive  
  138  10:40  Drone  
  138  10:41  Drone x3  
  142  10:43  Extractor  
  141  10:50  Hydralisk x7  
  141  10:51  Hydralisk  
  141  10:53  Overlord  
  141  10:55  Overlord  
  157  10:59  Drone x2  
  157  11:02  Overlord, Hatchery  
  157  11:03  Overlord  
  158  11:04  Baneling  
  158  11:05  Baneling x6  
  158  11:06  Baneling  
  157  11:11  Baneling  
  157  11:12  Baneling x12  
  157  11:13  Zergling x2  
  157  11:14  Zergling x2  
  149  11:27  Zergling x12  
  149  11:28  Zergling x12  
  134  11:44  Zergling x2  
  134  11:45  Zergling x24  
  118  11:50  Hydralisk x2  
  118  11:51  Hydralisk x3  
  118  11:53  Baneling x9  
  118  11:54  Baneling x3  
  126  11:56  Zergling x2  
  102  12:16  Zergling x2  
  102  12:17  Zergling x20  
  102  12:20  Hydralisk x4  
  119  12:26  Hydralisk x4  
  120  12:31  Overlord  
Show
View Real Time Build Order
Export as new Build Order

Mez Terran - Winner!

Build Orders: Reaper Expand, Hellion Banshee 

Get SALT Encoding   

  12  0:00  SCV  
  13  0:13  SCV  
  14  0:17  Supply Depot  
  14  0:25  SCV  
  15  0:38  SCV  
  15  0:40  Barracks  
  16  0:44  Refinery  
  16  0:51  SCV  
  17  1:03  SCV  
  18  1:15  SCV  
  19  1:28  Reaper, Orbital Command  
  20  1:40  Command Center  
  20  1:50  Supply Depot  
  20  1:54  SCV  
  20  2:00  Marine  
  22  2:10  SCV  
  22  2:13  Factory  
  23  2:16  Refinery  
  23  2:29  Barracks Reactor  
  23  2:31  Barracks  
  21  2:37  SCV  
  22  2:49  SCV  
  23  2:52  Orbital Command  
  23  3:01  SCV, Starport  
  24  3:09  Hellion x2  
  28  3:14  SCV  
  28  3:15  Barracks Tech Lab  
  29  3:20  SCV  
  30  3:27  SCV  
  30  3:31  Hellion x2  
  30  3:32  SCV  
  36  3:52  Hellion x2  
  36  3:54  Cloaking Field, Banshee  
  43  3:57  SCV  
  43  3:58  SCV  
  45  4:03  Supply Depot  
  46  4:10  SCV  
  46  4:22  Command Center  
  46  4:24  Supply Depot  
  46  4:25  SCV x2  
  48  4:32  Hellion x2  
  48  4:37  SCV x2  
  54  4:45  Banshee  
  57  4:49  SCV x2  
  59  4:57  Hellion  
  61  5:00  Barracks Tech Lab  
  61  5:01  SCV  
  61  5:02  Factory  
  61  5:03  Factory  
  61  5:07  Refinery  
  62  5:08  Refinery  
  62  5:10  Supply Depot  
  62  5:31  Hellion, SCV x2  
  66  5:43  Banshee  
  66  5:45  Hellion  
  71  5:53  Hellion  
  73  6:03  SCV x2, Orbital Command  
  72  6:09  Factory x2, Factory Tech Lab  
  72  6:15  SCV  
  72  6:16  Hellion x2  
  72  6:17  Cyclone  
  68  6:22  Infernal Pre-Igniter  
  68  6:24  Orbital Command  
  68  6:26  SCV  
  68  6:27  SCV  
  68  6:32  Supply Depot  
  70  6:36  Supply Depot  
  70  6:38  SCV  
  72  6:40  SCV  
  72  6:50  SCV  
  72  6:51  Cyclone x2, SCV  
  72  6:52  SCV  
  81  6:56  Armory, Factory Tech Lab x2  
  81  6:59  Engineering Bay  
  81  7:03  SCV  
  81  7:05  Hellion x2  
  86  7:10  SCV x2, Armory  
  86  7:12  Refinery  
  86  7:14  Refinery  
  86  7:15  SCV  
  89  7:22  SCV x2  
  91  7:27  SCV  
  92  7:34  Hellion x2, SCV x2  
  92  7:35  Hellion  
  100  7:39  SCV  
  100  7:40  Supply Depot x2  
  101  8:01  SCV x2  
  101  8:02  Hellion x3  
  101  8:04  Cyclone  
  101  8:05  Hellion x2  
  116  8:24  Cyclone  
  116  8:33  Cyclone, Terran Vehicle And Ship Armor Level 1, Terran Vehicle Weapons Level 1, Supply Depot x2  
  116  8:34  Supply Depot  
  116  8:36  Supply Depot  
  116  8:43  SCV  
  117  8:48  Command Center  
  117  8:51  SCV x2  
  117  8:52  Hellion x2  
  117  8:54  Cyclone, Banshee  
  117  8:55  Hellion  
  124  8:57  Hellion  
  120  9:06  Cyclone  
  118  9:13  Hellion  
  118  9:15  Hellion  
  118  9:16  Hellion  
  122  9:18  Siege Tank  
  111  9:26  Siege Tank  
  112  9:32  Supply Depot x2  
  112  9:34  Hellion, Supply Depot  
  112  9:37  Siege Tank, Banshee  
  112  9:38  Siege Tank  
  119  9:43  Hellion  
  119  9:50  Siege Tank  
  120  9:56  Hellion  
  120  10:00  Siege Tank  
  123  10:09  Siege Tank  
  123  10:13  Siege Tank  
  121  10:20  Banshee  
  124  10:22  Siege Tank  
  121  10:31  Hellion x2  
  121  10:32  Siege Tank  
  120  10:36  Factory  
  120  10:37  Factory  
  120  10:39  Factory  
  120  10:42  Hellion  
  122  10:44  Command Center x2  
  122  10:45  Hellion  
  122  10:48  Supply Depot  
  124  10:50  Supply Depot  
  124  10:51  Supply Depot  
  124  10:52  Hellion  
  126  10:58  Hellion x2  
  130  11:04  Hellion  
  130  11:05  Refinery  
  130  11:11  Refinery, Planetary Fortress  
  134  11:20  Hellion  
  134  11:21  Hellion x2  
  134  11:22  Hellion  
  134  11:23  Siege Tank x3  
  139  11:46  Siege Tank  
  134  11:47  Factory Tech Lab x3  
  134  11:49  Factory Reactor  
  134  11:50  Hellion x2  
  138  11:55  Siege Tank x2  
  138  11:59  Siege Tank  
  147  12:11  Hellion  
  147  12:14  Hellion x3  
  138  12:18  Siege Tank  
  139  12:27  Hellion x2  
  139  12:31  Hellion  
  141  12:43  Command Center  
Tags
 
Add a new tag
Caveats
  • Supply blocks, unpowered buildings, or Contaminate may cause inaccurate times.
  • Supply counts are checked every 10 seconds.